 Dungeon Crawl Stone Soup version 0.25.1-2-g60ff931df9 (webtiles) character file.

Game seed: 778882850866074899

1390 pokeman the Thaumaturge (level 8, -2/43 HPs)
             Began as a Deep Elf Wizard on Oct 3, 2020.
             Was an Initiate of Vehumet.
             Slain by a river rat (9 damage)
             ... summoned by Gastronok
             ... on level 8 of the Dungeon.
             The game lasted 00:16:59 (8562 turns).

pokeman the Thaumaturge (Deep Elf Wizard)           Turns: 8562, Time: 00:17:00

Health: -2/43      AC:  4    Str:  4    XL:     8   Next: 40%
Magic:  16/23      EV: 12    Int: 32    God:    Vehumet [......]
Gold:   701        SH:  0    Dex: 13    Spells: 14/25 levels left

rFire    . . .     SeeInvis .   n - -2 spear (curse)
rCold    . . .     Gourm    .   (no shield)
rNeg     . . .     Faith    .   l - +0 leather armour
rPois    .         Spirit   .   e - +0 helmet
rElec    .         Reflect  .   (no cloak)
rCorr    .         Harm     .   (no gloves)
MR       .....                  (no boots)
Stlth    ++........             (no amulet)
HPRegen  0.14/turn              F - +6 ring of intelligence
MPRegen  0.18/turn              b - ring of flight (curse)

@: no status effects
A: no striking features
a: Renounce Religion, Evoke Flight


You were on level 8 of the Dungeon.
You worshipped Vehumet.
Vehumet was noncommittal.
You were not hungry.

You visited 2 branches of the dungeon, and saw 9 of its levels.
You also visited: Ossuary.

You collected 701 gold pieces.

Inventory:

Hand Weapons
 n - a cursed -2 spear (weapon)
 t - a +1 vampiric dagger
 y - a +0 arbalest
Armour
 e - a +0 helmet (worn)
 l - a +0 leather armour (worn)
 q - a +0 buckler
Jewellery
 b - a cursed ring of flight (right hand)
 f - an uncursed ring of resist corrosion
 F - a +6 ring of intelligence (left hand)
Scrolls
 a - 2 scrolls of enchant armour {unknown}
 g - 2 scrolls of fear {unknown}
 k - 5 scrolls of identify {unknown}
 o - 8 scrolls of remove curse {unknown}
 p - 5 scrolls of teleportation {unknown}
 s - 2 scrolls of immolation {unknown}
 u - 2 scrolls of amnesia {unknown}
 v - 3 scrolls of enchant weapon {unknown}
 w - a scroll of fog {unknown}
 x - 2 scrolls of random uselessness {unknown}
 A - 4 scrolls of magic mapping {unknown}
 E - a scroll of blinking {unknown}
Potions
 c - 3 potions of resistance {unknown}
 h - 4 potions of heal wounds
 i - 3 potions of flight {unknown}
 j - a potion of magic {unknown}
 m - 6 potions of curing {unknown}
 r - 3 potions of cancellation {unknown}
 z - a potion of ambrosia {unknown}
 B - a potion of degeneration {unknown}
 C - 3 potions of invisibility
 D - a potion of brilliance {unknown}
 H - a potion of lignification {unknown}
Comestibles
 d - 12 rations


   Skills:
 + Level 1.3 Fighting
 - Level 1.0 Armour
 - Level 3.0 Dodging
 - Level 3.0 Stealth
 - Level 2.0 Shields
 * Level 9.2 Spellcasting
 * Level 6.2 Conjurations
 - Level 1.1 Summonings
 - Level 1.1 Translocations
 + Level 2.4 Fire Magic
 - Level 2.0 Air Magic
 - Level 2.0 Poison Magic
 - Level 1.0 Evocations


You had 14 spell levels left.
You knew the following spells:

 Your Spells              Type           Power        Failure   Level  Hunger
a - Magic Dart            Conj           ####         1%          1    None
b - Mephitic Cloud        Conj/Pois/Air  #####...     4%          3    None
c - Call Imp              Summ           ###.....     5%          2    None
d - Blink                 Tloc           N/A          5%          2    None
e - Conjure Flame         Conj/Fire      #####...     3%          3    None

Your spell library contained the following spells:

 Spells                   Type           Power        Failure   Level  Hunger
 Slow                     Hex            ##......     9%          2    None
 Gell's Gravitas          Tloc           ###.......   11%         3    None
 Confusing Touch          Hex            ##......     17%         3    None
 Petrify                  Tmut/Erth      ##......     50%         4    None
 Metabolic Englaciation   Hex/Ice        ##........   85%         5    ###....
 Yara's Violent Unravell  Hex/Tmut       ##........   85%         5    ###....


Dungeon Overview and Level Annotations

Branches:
Dungeon (8/15)             Temple (1/1) D:6         Ossuary (visited)
   Lair: D:8-11

Altars:
Ashenzari
Cheibriados
Dithmenos
Elyvilon
Fedhas
Gozag
Hepliaklqana
Kikubaaqudgha
Makhleb
Nemelex Xobeh
Okawaru
Qazlal
Ru
Sif Muna
Trog
Uskayaw
Vehumet
Wu Jian
Xom
Yredelemnul
Zin
The Shining One

Annotations:
D:8 Gastronok


Message History

You barely miss the orc warrior.
The orc warrior is lightly wounded.
Gastronok is engulfed in noxious fumes.
Gastronok casts a spell.
Gastronok puts on a burst of speed!
The river rat bites you.
Unknown command.
Unknown command.
You hit the orc warrior but do no damage.
The orc warrior is lightly wounded.
The orc warrior hits you with a +0 glaive.
The river rat bites you but does no damage.
Unknown command.
Unknown command.
The orc hits you with a +0 whip.
Gastronok is engulfed in noxious fumes.
Gastronok waves his eye-stalks in wide circles.
The air twists around and strikes you!!
Ouch! That really hurt!
* * * LOW HITPOINT WARNING * * *
The river rat bites you!
You die...

# +#. ...######
.........
...)...$##
....))...#
......ro.#.#...
#.w°r@o......
+...##.......
### .......
.....$. .......
....... #+#####


You could see Gastronok (swift), an orc warrior (confused), a river rat
(summoned), an orc and a quokka (summoned, confused).

Vanquished Creatures
  Sigmund (D:3)
  An ice beast (D:5)
  A black bear (D:6)
  An ogre (D:4)
  A phantom (D:7)
  A centaur (D:3)
  A bullfrog (D:6)
  A scorpion (D:3)
  An orc priest (D:8)
  An orc wizard (D:6)
  A gnoll shaman (D:6)
  2 bullfrog skeletons (D:4)
  An iguana (D:5)
  4 worker ants
  2 hound skeletons
  8 mummies (Ossuary)
  2 worker ant zombies
  5 gnolls (D:6)
  10 adders
  A shadow imp (D:3)
  3 oozes
  An adder zombie (D:6)
  An adder skeleton (D:7)
  5 worms
  2 dart slugs
  12 orcs
  A ball python (D:2)
  2 giant cockroaches
  2 gnoll zombies (Ossuary)
  4 goblins
  7 hobgoblins
  7 jackals
  7 kobolds
  3 quokkas
  6 bats
  6 frilled lizards
  A hobgoblin zombie (Ossuary)
  2 kobold zombies (Ossuary)
  A leopard gecko skeleton (D:7)
  3 orc zombies (Ossuary)
  A quokka zombie (D:7)
  11 rats
134 creatures vanquished.

Vanquished Creatures (others)
  A quokka (D:3)
1 creature vanquished.

Grand Total: 135 creatures vanquished

Notes
Turn   | Place    | Note
-------+----------+-------------------------------------------
     0 | D:1      | pokeman the Deep Elf Wizard began the quest for the Orb.
     0 | D:1      | Reached XP level 1. HP: 10/10 MP: 7/7
   271 | D:1      | Reached XP level 2. HP: 15/15 MP: 1/9
   537 | D:1      | Reached skill level 5 in Spellcasting
   955 | D:2      | Reached XP level 3. HP: 20/20 MP: 7/11
   960 | D:2      | Learned a level 3 spell: Mephitic Cloud
   963 | D:2      | Learned a level 2 spell: Call Imp
   966 | D:2      | Learned a level 2 spell: Blink
   970 | D:2      | Learned a level 3 spell: Conjure Flame
  1893 | D:2      | Reached skill level 1 in Armour
  2046 | D:2      | Reached skill level 1 in Fighting
  2277 | D:3      | Noticed Sigmund
  2301 | D:3      | Reached XP level 4. HP: 25/25 MP: 7/13
  2404 | D:3      | Reached skill level 1 in Evocations
  2470 | D:3      | Reached skill level 1 in Fire Magic
  2649 | D:3      | Reached XP level 5. HP: 25/29 MP: 8/15
  2662 | D:3      | Reached skill level 6 in Spellcasting
  3341 | D:3      | Found a white marble altar of Elyvilon.
  3379 | D:3      | Killed Sigmund
  3379 | D:3      | Reached skill level 1 in Air Magic
  3379 | D:3      | Reached skill level 1 in Poison Magic
  3379 | D:3      | Reached XP level 6. HP: 34/34 MP: 7/17
  3601 | D:3      | Reached skill level 7 in Spellcasting
  3801 | D:4      | Reached XP level 7. HP: 38/38 MP: 4/19
  4337 | D:5      | Entered Level 5 of the Dungeon
  4853 | D:5      | Reached skill level 1 in Shields
  5220 | D:5      | Reached skill level 5 in Conjurations
  5479 | D:6      | Found a staircase to the Ecumenical Temple.
  5490 | Temple   | Entered the Ecumenical Temple
  5526 | Temple   | Became a worshipper of Vehumet
  5656 | D:6      | Reached skill level 8 in Spellcasting
  5718 | D:6      | Found a sand-covered staircase.
  5726 | Ossuary  | Entered an ossuary
  6578 | D:6      | Reached XP level 8. HP: 43/43 MP: 16/22
  7902 | D:7      | Reached skill level 9 in Spellcasting
  8549 | D:8      | Noticed Gastronok
  8562 | D:8      | Slain by a river rat

Illustrated notes

Levels and vault maps discovered:
D:1:      scummos_arrival_checkerplants, layout_basic
D:2:      layout_basic, small_statue_intersection
D:3:      layout_rooms, elyvilon_altar_4, first_ration, minmay_circle_x,
          uniq_sigmund
D:4:      layout_rooms
D:5:      layout_loops_corners
D:6:      layout_loops_corners, minmay_temple_entry_slanted,
          chequers_ossuary_entry_cave
D:7:      layout_loops_ring, kennysheep_generic_room_9
D:8:      lemuel_upstairs_altar, layout_basic, uniq_gastronok
Temple:   dpeg_three_leaves_temple

Skill      XL: |  1  2  3  4  5  6  7  8 |
---------------+-------------------------+-----
Spellcasting   | 5 6 7 8 9 |  9.2
Armour         | 1 |  1.0
Fighting       | 1 |  1.3
Conjurations   | 2 3 4 5 6 |  6.2
Evocations     | 1 |  1.0
Fire Magic     | 1 2 |  2.4
Air Magic      | 1 2 |  2.0
Poison Magic   | 1 2 |  2.0
Shields        | 1 2 |  2.0
Stealth        | 3 |  3.0
Dodging        | 3 |  3.0
Summonings     | |  1.1
Translocations | |  1.1

Action                   |  1- 3 |  4- 6 |  7- 9 || total
-------------------------+-------+-------+-------++-------
Melee: Mace              |    21 |       |       ||    21
       Spear             |       |    13 |    33 ||    46
 Cast: Magic Dart        |   112 |   104 |   222 ||   438
       Mephitic Cloud    |       |     4 |     7 ||    11
       Conjure Flame     |       |     3 |     5 ||     8
 Stab: Confused          |       |       |     3 ||     3
  Eat: Chunk             |     4 |     5 |     4 ||    13
       Ration            |       |       |     3 ||     3
Armor: Robe              |     8 |       |       ||     8
       Leather armour    |     3 |     4 |    16 ||    23
Dodge: Dodged            |    24 |    18 |    39 ||    81
